Map: Frozen Temple

Players

BBQ

  • Race: Terran Terran
  • League: Silver
  • Spawn Location: 11:00

Fropez - Winner!

  • Race: Protoss Protoss
  • League: Gold
  • Spawn Location: 5:00

VOD

Have the link to the VOD?

Description

Time

  • Played on: Sept. 15, 2016, 7:04 p.m.
  • Length: 16:30
Show
View Real Time Build Order
Export as new Build Order

BBQ Terran 

Build Orders:  

Get SALT Encoding   

  12  0:01  SCV  
  13  0:13  SCV  
  14  0:19  Supply Depot  
  14  0:25  SCV  
  15  0:41  SCV  
  15  0:42  Barracks  
  16  0:50  Supply Depot  
  16  0:54  Refinery  
  16  1:00  Refinery  
  16  1:03  SCV  
  17  1:16  SCV  
  18  1:31  Orbital Command  
  18  1:32  Barracks Reactor  
  18  1:43  Barracks  
  18  1:56  SCV  
  19  2:09  Factory  
  19  2:10  Marine x2  
  19  2:12  SCV  
  22  2:25  SCV  
  23  2:37  Marine x2  
  23  2:43  Marine  
  26  2:45  SCV  
  27  2:55  Widow Mine  
  27  2:57  Starport  
  29  3:12  Barracks Reactor  
  29  3:22  Command Center  
  29  3:50  Marine  
  29  3:51  Marine  
  31  4:16  Liberator  
  31  4:17  Supply Depot  
  31  4:19  Factory Reactor  
  31  4:20  Barracks Reactor  
  31  4:30  Starport  
  31  4:33  SCV, Medivac  
  37  4:41  Marine x2  
  39  5:05  Marine x3  
  39  5:06  Marine  
  42  5:25  Widow Mine  
  42  5:26  Widow Mine  
  46  5:52  SCV x2  
  46  5:54  Widow Mine x2  
  52  6:05  Orbital Command  
  52  6:08  Supply Depot  
  52  6:09  Supply Depot  
  52  6:12  Liberator x3  
  61  6:35  Marine x2  
  60  6:52  Marine x2  
  60  6:53  Marine  
  63  6:55  Liberator  
  63  6:57  Supply Depot  
  63  7:02  SCV x2, Refinery  
  63  7:03  Refinery  
  65  7:13  Liberator x2  
  65  7:14  Marine x2  
  70  7:31  Marine x2  
  78  7:38  Supply Depot  
  78  7:49  Supply Depot  
  78  7:56  Barracks  
  78  7:59  Marine x2  
  78  8:00  SCV x2  
  78  8:01  Supply Depot  
  78  8:05  Engineering Bay  
  81  8:26  Liberator x2  
  81  8:28  Liberator  
  81  8:36  Widow Mine  
  81  8:37  Widow Mine  
  81  8:39  Marine x2  
  87  8:44  Barracks  
  87  8:47  Marine x2  
  98  8:59  Bunker  
  98  9:05  Widow Mine x2  
  93  9:30  Missile Turret  
  88  9:32  Marine x4  
  84  9:54  Marine x4  
  78  10:12  Marine x4, Liberator x2  
  78  10:13  Liberator  
  67  10:27  SCV x2  
  78  10:53  Marine x3  
  78  10:54  Marine x3  
  84  11:02  Command Center  
  84  11:08  SCV  
  84  11:10  Supply Depot  
  84  11:11  Marine x3  
  85  11:18  Widow Mine x2  
  88  11:22  Medivac  
  88  11:24  Medivac  
  88  11:47  Missile Turret  
  88  12:00  Marine, SCV x2  
  88  12:01  Marine  
  92  12:12  SCV  
  93  12:20  Medivac x2  
  94  12:52  Marine x3  
  94  12:53  Medivac x2  
  75  13:50  Marine x2  
  58  14:20  Planetary Fortress  
  58  14:22  Missile Turret  
  47  14:39  SCV  
  46  15:04  SCV  
Show
View Real Time Build Order
Export as new Build Order

Fropez Protoss - Winner!

Build Orders:  

Get SALT Encoding   

  12  0:01  Probe (Chrono Boost)  
  13  0:24  Pylon, Probe (Chrono Boost)  
  14  0:35  Probe (Chrono Boost)  
  15  0:45  Probe (Chrono Boost), Gateway  
  15  0:49  Assimilator  
  16  0:56  Probe (Chrono Boost)  
  17  1:01  Pylon  
  17  1:06  Probe (Chrono Boost)  
  18  1:17  Probe (Chrono Boost)  
  19  1:24  Gateway  
  19  1:28  Probe (Chrono Boost)  
  19  1:30  Pylon  
  20  1:37  Cybernetics Core  
  20  1:38  Probe (Chrono Boost)  
  21  1:46  Pylon  
  21  2:00  Probe (Chrono Boost)  
  22  2:09  Pylon  
  22  2:14  Mothership Core (Chrono Boost)  
  24  2:15  Warp Gate (Chrono Boost)  
  24  2:24  Adept  
  26  2:30  Assimilator  
  26  2:32  Adept  
  26  2:34  Probe  
  30  2:55  Nexus  
  29  3:05  Probe  
  30  3:14  Pylon  
  30  3:17  Probe  
  31  3:24  Adept  
  33  3:29  Probe  
  34  3:41  Probe  
  35  3:53  Probe  
  34  4:05  Probe  
  35  4:13  Probe  
  35  4:14  Robotics Facility  
  35  4:16  Pylon  
  36  4:17  Probe  
  36  4:21  Gateway  
  36  4:22  Pylon  
  37  4:29  Pylon  
  37  4:30  Probe  
  37  4:31  Probe  
  38  4:34  Adept  
  38  4:35  Adept  
  43  4:42  Probe (Chrono Boost)  
  45  4:45  Probe (Chrono Boost)  
  45  5:06  Adept  
  45  5:07  Adept  
  49  5:11  Probe (Chrono Boost)  
  49  5:13  Assimilator  
  51  5:14  Observer (Chrono Boost)  
  51  5:16  Assimilator  
  49  5:33  Warp Prism (Chrono Boost)  
  51  5:36  Gateway  
  51  5:37  Probe  
  52  5:43  Probe  
  53  5:54  Probe  
  53  5:55  Twilight Council  
  53  5:56  Adept x2  
  53  5:57  Adept  
  60  5:59  Probe  
  65  6:05  Immortal (Chrono Boost)  
  65  6:06  Probe  
  65  6:07  Gateway  
  65  6:10  Probe  
  66  6:18  Probe  
  68  6:20  Probe  
  68  6:24  Stalker x2  
  73  6:30  Probe  
  73  6:31  Pylon  
  70  6:45  Probe  
  68  6:50  Stalker x2  
  71  7:09  Resonating Glaives  
  71  7:23  Probe x2  
  71  7:28  Adept  
  75  7:38  Probe  
  76  8:07  Gateway  
  76  8:09  Gateway  
  76  8:12  Gateway  
  74  8:24  Probe  
  74  8:25  Probe  
  76  8:30  Stalker x5  
  86  8:37  Probe  
  86  8:38  Probe  
  86  8:39  Pylon  
  88  8:47  Probe  
  88  8:50  Probe, Blink  
  88  8:51  Immortal (Chrono Boost)  
  94  9:01  Dark Shrine  
  94  9:15  Pylon  
  93  9:26  Observer (Chrono Boost)  
  94  9:42  Stalker x2  
  94  9:43  Stalker x2  
  102  9:50  Pylon  
  80  10:00  Pylon  
  80  10:02  Pylon  
  80  10:04  Pylon  
  75  10:07  Stalker x5  
  75  10:08  Stalker  
  87  10:37  Dark Templar x3  
  93  10:54  Stalker x2  
  93  10:55  Probe, Stalker x2  
  93  10:56  Probe  
  103  11:05  Probe  
  103  11:08  Probe  
  103  11:55  Dark Templar x2  
  103  11:56  Dark Templar x5  
  117  12:13  Probe  
  117  12:14  Probe  
  119  12:20  Nexus  
  119  12:24  Probe  
  119  12:26  Probe  
  121  12:39  Probe  
  120  13:10  Dark Templar x2  
  120  13:11  Dark Templar x5  
  132  13:16  Dark Templar  
  114  13:59  Stalker  
  114  14:00  Stalker x4  
  118  14:03  Probe  
  119  14:13  Probe  
  120  14:20  Probe  
  120  14:22  Probe  
  122  14:24  Probe  
  123  14:34  Probe  
  124  14:45  Probe  
  116  15:16  Archon  
  116  15:17  Archon x3  
  116  15:24  Nexus  
  116  15:41  Probe x2  
  114  15:43  Probe  
  114  15:47  Assimilator  
  114  15:49  Assimilator  
  117  15:54  Dark Templar x2  
  121  15:57  Assimilator  
  121  16:00  Assimilator  
  121  16:02  Pylon  
  121  16:03  Pylon  
  121  16:10  Pylon  
  121  16:12  Pylon  
  121  16:21  Pylon  
Tags
 
Matchup
PvT
Replay Pack
All Mines
Spawn Locations
Cross Positions
Add a new tag
Caveats
  • Supply blocks, unpowered buildings, or Contaminate may cause inaccurate times.
  • Supply counts are checked every 10 seconds.